 Dungeon Crawl Stone Soup version 0.31.0-32-g396128a36d (webtiles) character file.

Game seed: 17179747157779564277

13861 anver83 the Blocker (level 12, -3/106 HPs)
             Began as a Gnoll Fighter on Mar 9, 2024.
             Was a Priest of Makhleb.
             Slain by a catoblepas (9 damage)
             ... while petrified by a catoblepas
             ... on level 2 of the Lair of Beasts.
             The game lasted 01:02:34 (13413 turns).

anver83 the Blocker (Gnoll Fighter)                Turns: 13413, Time: 01:02:34

Health: -3/106     AC: 13    Str: 13 (14) XL:     12   Next: 10%
Magic:  0/22       EV:  2    Int: 12      God:    Makhleb [***...]
Gold:   648        SH:  0    Dex: 11      Spells: 24/25 levels left

rFire   . . .        s - +3 demon blade "Tecogg" {flame, rPois rN+ Str-5}
rCold   + + .        c - +0 buckler
rNeg    + + +        i - +0 ice dragon scales
rPois   ∞            (no helmet)
rElec   .            E - +1 cloak "Xunnuggu" {+Inv rPois rN++ Int-4}
rCorr   .            g - +0 pair of gloves
SInv    .            e - +0 pair of boots
Will    .....        y - amulet of guardian spirit
Stlth   ++           m - +6 ring of intelligence
HPRegen 0.00/turn    x - ring of protection from fire
MPRegen 0.18/turn

%: guardian spirit
@: petrified, inhibited regen
A: fangs 1, strong nose, distributed training, deformed body, deterioration 1,
robust 1, inhibited regeneration, wild magic 1
a: Renounce Religion, Evoke Invisibility, Minor Destruction, Lesser Servant of
Makhleb


You were on level 2 of the Lair of Beasts.
You worshipped Makhleb.
Makhleb was most pleased with you.
You visited 3 branches of the dungeon, and saw 13 of its levels.
You also visited: Bailey.

You collected 648 gold pieces.

Inventory:

Hand Weapons
 a - a +1 long sword of protection
 s - the +3 demon blade "Tecogg" (weapon) {flame, rPois rN+ Str-5}
   (You acquired it on level 4 of the Dungeon)

   Str-5:     It affects your strength (-5).
   rPois:     It protects you from poison rN+: It protects you from negative
   energy.
 w - a +2 war axe of holy wrath
Missiles
 j - a throwing net
Armour
 b - a +1 scale mail
 c - a +0 buckler (worn)
 e - a +0 pair of boots (worn)
 g - a +0 pair of gloves (worn)
 i - +0 ice dragon scales (worn)
 B - +1 steam dragon scales
 E - the +1 cloak "Xunnuggu" (worn) {+Inv rPois rN++ Int-4}
   (You found it on level 9 of the Dungeon)

   Int-4:     It affects your intelligence (-4).
   rPois:     It protects you from poison rN++: It greatly protects you from
   negative energy.
   +Inv:      It lets you turn invisible.
Jewellery
 f - a ring of wizardry
 m - a +6 ring of intelligence (left hand)
 r - a ring of poison resistance
 x - a ring of protection from fire (right hand)
 y - an amulet of guardian spirit (around neck)
 z - an amulet of reflection
 C - a ring of magical power
 H - a ring of see invisible
Wands
 q - a wand of charming (13)
 u - a wand of iceblast (13)
 v - a wand of flame (19) (quivered)
 A - a wand of digging (10)
Scrolls
 h - 3 scrolls of enchant weapon
 l - 6 scrolls of teleportation
 o - 3 scrolls of silence
 t - 8 scrolls of identify
 D - a scroll of immolation
Potions
 d - a potion of might
 k - 2 potions of haste
 n - 2 potions of cancellation
 p - 3 potions of curing
 F - a potion of berserk rage
 G - a potion of lignification


   Skills:
 + Level 9.8 Fighting
 + Level 7.2 Short Blades
 + Level 8.6 Long Blades
 + Level 7.2 Axes
 + Level 7.2 Maces & Flails
 + Level 7.2 Polearms
 + Level 7.2 Staves
 + Level 7.2 Ranged Weapons
 + Level 7.2 Throwing
 + Level 9.8 Armour
 + Level 7.2 Dodging
 + Level 7.2 Stealth
 + Level 9.8 Shields
 + Level 7.2 Unarmed Combat
 + Level 7.2 Spellcasting
 + Level 6.0 Conjurations
 + Level 6.0 Hexes
 + Level 6.0 Summonings
 + Level 6.0 Necromancy
 + Level 6.0 Translocations
 + Level 6.0 Fire Magic
 + Level 6.0 Ice Magic
 + Level 6.0 Air Magic
 + Level 6.0 Earth Magic
 + Level 6.0 Alchemy
 + Level 7.9 Invocations
 + Level 7.2 Evocations
 + Level 6.5 Shapeshifting


You had 24 spell levels left.
You knew the following spells:

 Your Spells              Type           Power      Damage    Failure   Level
a - Sting                 Conj/Alch      96%        1d9       12%         1

Your spell library contained the following spells:

 Spells                   Type           Power      Damage    Failure   Level
 Ensorcelled Hibernation  Hex/Ice        48%        N/A       17%         2
 Mercury Vapours          Alch/Air       48%        N/A       17%         2
 Fugue of the Fallen      Necr           24%        N/A       32%         3
 Anguish                  Hex/Necr       12%        N/A       69%         4
 Leda's Liquefaction      Alch/Erth      12%        N/A       69%         4
 Olgreb's Toxic Radiance  Alch           24%        N/A       69%         4
 Lee's Rapid Deconstruct  Erth           12%        3d8*      95%         5
 Bombard                  Conj/Erth      12%        9d3       100%        6


Dungeon Overview and Level Annotations

Branches:
Dungeon (10/15)            Temple (1/1) D:6            Lair (2/5) D:9
 Bailey (visited)
  Swamp: Lair:2-3    Shoals: Lair:2-3     Snake: Lair:2-3    Spider: Lair:2-3
    Orc: D:9-12

Altars:
Ashenzari
Cheibriados
Dithmenos
Elyvilon
Fedhas
Gozag
Hepliaklqana
Kikubaaqudgha
Makhleb
Nemelex Xobeh
Okawaru
Qazlal
Ru
Sif Muna
Trog
Uskayaw
Vehumet
Wu Jian
Xom
Yredelemnul
Zin
The Shining One

Shops:
D:3 =   D:9 (

Annotations:
D:3 1 runed translucent door, CapUranus's ghost, amateur HOFi


Innate Abilities, Weirdness & Mutations

You have very sharp teeth.
Your uncanny sense of smell can sniff out nearby items.
Your experience applies equally to all skills.
Armour fits poorly on your strangely shaped body.
Your body sometimes deteriorates upon taking damage.
You are robust. (+10% HP)
You do not regenerate when monsters are visible.
Your spells are a little harder to cast, but a little more powerful.


Message History

You are engulfed in calcifying dust.
The catoblepas gores you but does no damage.
The catoblepas barely misses you. The catoblepas gores you!
You turn to flesh and can move again.
You barely miss the catoblepas.
The catoblepas is heavily wounded.
The catoblepas closely misses you.
You hit the catoblepas but do no damage.
The catoblepas is heavily wounded.
You block the catoblepas's attack.
You barely miss the catoblepas.
The catoblepas is heavily wounded.
The catoblepas breathes a plume of calcifying dust at you.
The blast of calcifying dust hits you.
You slash the catoblepas! You burn the catoblepas.
The catoblepas is severely wounded.
You are engulfed in calcifying dust.
You are slowing down.
The catoblepas breathes a plume of calcifying dust at you.
The blast of calcifying dust hits you but does no damage.
The catoblepas gores you.
Your limbs are stiffening.
You hit the catoblepas but do no damage.
The catoblepas is severely wounded.
The catoblepas gores you! The catoblepas gores you!!
* * * LOW HITPOINT WARNING * * *
You have turned to stone.
The catoblepas breathes a plume of calcifying dust at you.
The blast of calcifying dust hits you but does no damage.
You are engulfed in calcifying dust.
The catoblepas gores you.
* * * LOW HITPOINT WARNING * * *
You are engulfed in calcifying dust.
The catoblepas gores you!!
* * * LOW HITPOINT WARNING * * *
You are engulfed in calcifying dust.
The catoblepas gores you!
* * * LOW HITPOINT WARNING * * *
You are engulfed in calcifying dust.
The catoblepas gores you.
You are engulfed in calcifying dust.
The catoblepas gores you!!
* * * LOW HITPOINT WARNING * * *
The catoblepas gores you!!
You die...

P..#......###.#.##.....#..#..#
###.......##§.##...........#.
#......#.....##....##....##
#............##....P#....##
..................##....##
.....#.....[#.....##......
.....#.###.###....####...#
......###Y#.#.....##..#.##
.......†.@................
.......†..................
#.#####......####..P###..#
#.###### ##### ##.# ### ###


You could see a catoblepas.

Vanquished Creatures
  Pikel (D:7)
  5 cane toads
  2 rime drakes (Lair:1)
  4 komodo dragons
  A hornet (D:9)
  3 blink frogs (D:9)
  Prince Ribbit (D:7)
  A wraith (D:9)
  3 wyverns (D:9)
  A vampire (D:9)
  5 yaks (D:9)
  2 steam dragons
  3 basilisks
  Menkaure (D:5)
  4 vampire mosquitoes (D:9)
  Duvessa (D:7)
  An acid dragon (D:9)
  12 water moccasins
  3 ice beasts
  2 orc warriors
  2 sky beasts
  15 wolves
  An ogre (D:6)
  3 centaurs
  A lemure (D:7)
  Blork the orc (D:5)
  3 phantoms (D:5)
  7 kobold brigands
  3 bullfrogs (Lair:1)
  2 gnoll sergeants
  2 scorpions
  4 wights (D:8)
  Dowan (D:7)
  11 killer bees
  A vampire bat (D:8)
  3 bombardier beetles
  A gnoll bouda (D:8)
  2 hounds
  5 jellies
  6 orc priests
  Ijyb (D:5)
  An iguana (D:6)
  6 orc wizards
  10 gnolls
  5 adders
  A shadow imp (D:7)
  8 dart slugs
  2 ribbon worms
  22 orcs
  11 ball pythons
  2 bat skeletons (D:8)
  3 bat zombies (D:8)
  5 endoplasms
  4 giant cockroaches
  4 goblins
  4 hobgoblins
  30 kobolds
  5 quokkas
  5 bats
  2 frilled lizards
  7 rats
268 creatures vanquished.

Vanquished Creatures (collateral kills)
  A basilisk (Lair:1)
1 creature vanquished.

Vanquished Creatures (others)
  A jelly (D:5)
  An orc (D:5)
2 creatures vanquished.

Grand Total: 271 creatures vanquished

Notes
Turn   | Place    | Note
-------+----------+-------------------------------------------
     0 | D:1      | anver83 the Gnoll Fighter began the quest for the Orb.
     0 | D:1      | Reached XP level 1. HP: 23/23 MP: 1/1
   124 | D:1      | Reached XP level 2. HP: 29/29 MP: 2/2
   527 | D:1      | Reached XP level 3. HP: 35/35 MP: 3/3
   753 | D:1      | Reached skill level 1 in Invocations
   987 | D:2      | Reached skill level 1 in Short Blades
   987 | D:2      | Reached skill level 1 in Axes
   987 | D:2      | Reached skill level 1 in Maces & Flails
   987 | D:2      | Reached skill level 1 in Polearms
   987 | D:2      | Reached skill level 1 in Staves
   987 | D:2      | Reached skill level 1 in Ranged Weapons
   987 | D:2      | Reached skill level 1 in Throwing
   987 | D:2      | Reached skill level 1 in Dodging
   987 | D:2      | Reached skill level 1 in Stealth
   987 | D:2      | Reached skill level 1 in Unarmed Combat
   987 | D:2      | Reached skill level 1 in Spellcasting
   987 | D:2      | Reached skill level 1 in Evocations
  1062 | D:2      | Reached skill level 1 in Shapeshifting
  1062 | D:2      | Reached XP level 4. HP: 41/41 MP: 5/5
  1498 | D:3      | Found Mibub's One-of-a-Kind Rings.
  1518 | D:3      | Reached skill level 1 in Conjurations
  1518 | D:3      | Reached skill level 1 in Hexes
  1518 | D:3      | Reached skill level 1 in Summonings
  1518 | D:3      | Reached skill level 1 in Necromancy
  1518 | D:3      | Reached skill level 1 in Translocations
  1518 | D:3      | Reached skill level 1 in Fire Magic
  1518 | D:3      | Reached skill level 1 in Ice Magic
  1518 | D:3      | Reached skill level 1 in Air Magic
  1518 | D:3      | Reached skill level 1 in Earth Magic
  1518 | D:3      | Reached skill level 1 in Alchemy
  1734 | D:3      | Reached XP level 5. HP: 45/47 MP: 7/7
  1994 | D:3      | Found a runed translucent door.
  2034 | D:3      | Noticed CapUranus's ghost (amateur HOFi)
  2510 | D:4      | Noticed an ice beast
  2529 | D:4      | Killed an ice beast
  2530 | D:4      | Reached skill level 5 in Long Blades
  2530 | D:4      | Reached XP level 6. HP: 36/53 MP: 7/9
  2729 | D:4      | Identified a scroll of acquirement
  2729 | D:4      | Acquired the +3 demon blade "Tecogg" {flame, rPois rN+
                  | Str-5}
  3147 | D:4      | You fall into a shaft and drop 2 floors!
  3212 | D:5      | Entered Level 5 of the Dungeon
  3212 | D:5      | Noticed a sky beast
  3213 | D:5      | Noticed Menkaure
  3227 | D:5      | Noticed Blork the orc
  3270 | D:5      | HP: 2/53 [acid (7)]
  3819 | D:5      | Reached XP level 7. HP: 52/60 MP: 10/10
  3898 | D:5      | Noticed Ijyb
  3929 | D:5      | Killed Ijyb
  4075 | D:5      | Reached XP level 8. HP: 57/67 MP: 12/12
  4146 | D:5      | Killed Menkaure
  4152 | D:5      | Killed Blork the orc
  4973 | D:6      | Found a staircase to the Ecumenical Temple.
  5005 | D:6      | Reached XP level 9. HP: 40/73 MP: 11/15
  5024 | D:6      | Gained mutation: You are agile. (Dex +4, Str/Int -1)
                  | [potion of mutation]
  5024 | D:6      | Gained mutation: Armour fits poorly on your strangely
                  | shaped body. [potion of mutation]
  5024 | D:6      | Gained mutation: You sometimes lose your temper in combat.
                  | [potion of mutation]
  5026 | D:6      | Lost mutation: You sometimes lose your temper in combat.
                  | [potion of mutation]
  5026 | D:6      | Lost mutation: You are agile. (Dex +4, Str/Int -1) [potion
                  | of mutation]
  5026 | D:6      | Gained mutation: Your spells are a little harder to cast,
                  | but a little more powerful. [potion of mutation]
  5026 | D:6      | Gained mutation: You do not regenerate when monsters are
                  | visible. [potion of mutation]
  5026 | D:6      | Gained mutation: Your body sometimes deteriorates upon
                  | taking damage. [potion of mutation]
  5026 | D:6      | Gained mutation: You are robust. (+10% HP) [potion of
                  | mutation]
  5032 | Temple   | Found a transporter.
  5032 | Temple   | Found a transporter.
  5032 | Temple   | Found a transporter.
  5032 | Temple   | Found a transporter.
  5032 | Temple   | Entered the Ecumenical Temple
  5150 | Temple   | Became a worshipper of Makhleb the Destroyer
  5288 | D:6      | Found a sparkling altar of Nemelex Xobeh.
  6331 | D:7      | Noticed Pikel
  6356 | D:7      | Killed Pikel
  6357 | D:7      | Reached skill level 5 in Invocations
  6525 | D:7      | Noticed Duvessa
  6526 | D:7      | Noticed Dowan
  6542 | D:7      | Killed Duvessa
  6544 | D:7      | Killed Dowan
  6800 | D:7      | Noticed Prince Ribbit
  6810 | D:7      | Killed Prince Ribbit
  6819 | D:7      | Reached skill level 5 in Short Blades
  6819 | D:7      | Reached skill level 5 in Axes
  6819 | D:7      | Reached skill level 5 in Maces & Flails
  6819 | D:7      | Reached skill level 5 in Polearms
  6819 | D:7      | Reached skill level 5 in Staves
  6819 | D:7      | Reached skill level 5 in Ranged Weapons
  6819 | D:7      | Reached skill level 5 in Throwing
  6819 | D:7      | Reached skill level 5 in Dodging
  6819 | D:7      | Reached skill level 5 in Stealth
  6819 | D:7      | Reached skill level 5 in Unarmed Combat
  6819 | D:7      | Reached skill level 5 in Spellcasting
  6819 | D:7      | Reached skill level 5 in Evocations
  6819 | D:7      | Reached XP level 10. HP: 73/89 MP: 14/17
  7093 | D:7      | Reached * piety under Makhleb
  7520 | D:8      | Found a flagged portal.
  7534 | Bailey   | Entered a bailey
  7917 | D:8      | Learned a level 1 spell: Sting
  8554 | D:8      | Reached skill level 5 in Shapeshifting
  8914 | D:8      | Found an ancient bone altar of Kikubaaqudgha.
  8915 | D:8      | Reached ** piety under Makhleb
  8978 | D:9      | Found Dado's Weapon Shoppe.
  9371 | D:9      | Reached skill level 5 in Conjurations
  9371 | D:9      | Reached skill level 5 in Hexes
  9371 | D:9      | Reached skill level 5 in Summonings
  9371 | D:9      | Reached skill level 5 in Necromancy
  9371 | D:9      | Reached skill level 5 in Translocations
  9371 | D:9      | Reached skill level 5 in Fire Magic
  9371 | D:9      | Reached skill level 5 in Ice Magic
  9371 | D:9      | Reached skill level 5 in Air Magic
  9371 | D:9      | Reached skill level 5 in Earth Magic
  9371 | D:9      | Reached skill level 5 in Alchemy
  9371 | D:9      | Reached XP level 11. HP: 53/97 MP: 14/20
  9570 | D:9      | Found a staircase to the Lair.
  9721 | D:9      | Identified the +1 cloak "Xunnuggu" {+Inv rPois rN++ Int-4}
  9829 | D:9      | Found an ornate altar of the Wu Jian Council.
 10498 | D:10     | Entered Level 10 of the Dungeon
 10955 | Lair:1   | Entered Level 1 of the Lair of Beasts
 11626 | Lair:1   | Reached *** piety under Makhleb
 13019 | Lair:2   | Reached XP level 12. HP: 68/106 MP: 16/22
 13363 | Lair:2   | Noticed a catoblepas
 13413 | Lair:2   | Slain by a catoblepas

Illustrated notes

Levels and vault maps discovered:
D:1:      minmay_arrival_wavy_path, layout_basic, serial_park_tiny_2,
          patterned_corridor
D:2:      layout_rooms, serial_curves, eino_curves_04, eino_curves_01,
          eino_curves_04, minmay_statues_item
D:3:      layout_loops_ring, ebering_ghost_sewer_d, nicolae_shop_unique_rings,
          grunt_decor_fettered
D:4:      layout_basic
D:5:      layout_cave_pools, uniq_blork_the_orc, uniq_ijyb, uniq_menkaure
D:6:      cheibrodos_thug_alley, layout_basic, nemelex_dance_club_becter,
          minmay_temple_entry_junction_2
D:7:      layout_cave_pods, lightli_minifort, uniq_duvessa, uniq_pikel,
          uniq_prince_ribbit1
D:8:      layout_basic, kennysheep_vampire_church, enter_bailey_2
D:9:      layout_roguey, nzn_wu_jian_contemplation, minmay_lair_entry_grove,
          serial_shops, shop
D:10:     layout_grid_maze, uniq_joseph, uniq_sonja
Temple:   hellmonk_temple_divided_pantheon
Lair:1:   layout_loops_ring, enter_volcano_4
Lair:2:   layout_regular_city, nicolae_shoals_entry_roost,
          nicolae_spider_entry_lesser_pyramids, nicolae_lair_liquid_snakes,
          serial_bayou_shore_b, uniq_maggie, uniq_nergalle

Skill      XL: |  1  2  3  4  5  6  7  8  9 10 11 12 |
---------------+-------------------------------------+-----
Invocations    | 1 2 3 4 5 6 7 |  7.9
Short Blades   | 1 2 3 4 5 6 7 |  7.2
Axes           | 1 2 3 4 5 6 7 |  7.2
Maces & Flails | 1 2 3 4 5 6 7 |  7.2
Polearms       | 1 2 3 4 5 6 7 |  7.2
Staves         | 1 2 3 4 5 6 7 |  7.2
Ranged Weapons | 1 2 3 4 5 6 7 |  7.2
Throwing       | 1 2 3 4 5 6 7 |  7.2
Dodging        | 1 2 3 4 5 6 7 |  7.2
Stealth        | 1 2 3 4 5 6 7 |  7.2
Unarmed Combat | 1 2 3 4 5 6 7 |  7.2
Spellcasting   | 1 2 3 4 5 6 7 |  7.2
Evocations     | 1 2 3 4 5 6 7 |  7.2
Shapeshifting  | 1 2 3 4 5 6 |  6.5
Conjurations   | 1 2 3 4 5 6 |  6.0
Hexes          | 1 2 3 4 5 6 |  6.0
Summonings     | 1 2 3 4 5 6 |  6.0
Necromancy     | 1 2 3 4 5 6 |  6.0
Translocations | 1 2 3 4 5 6 |  6.0
Fire Magic     | 1 2 3 4 5 6 |  6.0
Ice Magic      | 1 2 3 4 5 6 |  6.0
Air Magic      | 1 2 3 4 5 6 |  6.0
Earth Magic    | 1 2 3 4 5 6 |  6.0
Alchemy        | 1 2 3 4 5 6 |  6.0
Long Blades    | 5 6 7 8 |  8.6
Fighting       | 7 8 9 |  9.8
Armour         | 7 8 9 |  9.8
Shields        | 7 8 9 |  9.8

Action                     |  1- 3 |  4- 6 |  7- 9 | 10-12 || total
---------------------------+-------+-------+-------+-------++-------
  Melee: Long sword        |   102 |   106 |       |       ||   208
         Bite              |     9 |     9 |    15 |    85 ||   118
         Demon blade       |       |    29 |   246 |   647 ||   922
   Cast: Sting             |       |       |       |     2 ||     2
 Invoke: Lesser Servant of |       |       |       |     1 ||     1
  Evoke: Wand              |       |       |     9 |     9 ||    18
    Use: Scroll            |     4 |     9 |     3 |     2 ||    18
         Potion            |       |     3 |     5 |     8 ||    16
   Stab: Sleeping          |       |       |       |     4 ||     4
         Distracted        |       |       |       |     1 ||     1
 Armour: Scale mail        |    56 |    98 |   203 |     5 ||   362
         Skin              |       |       |     2 |       ||     2
         Ice dragon scales |       |       |       |   423 ||   423
         Steam dragon scal |       |       |       |    87 ||    87
  Dodge: Dodged            |    36 |    60 |    97 |   309 ||   502
  Block: Buckler           |    22 |    34 |    83 |   205 ||   344
